AoeStats
← PetersCZ

Black Forest

510719807Analyzed
3v3 RM · 15h ago on Oct 2, 2026· 47m 0s· 6 players
Game mode
Random Map
Map size
Normal (6 player)
Population
200
Speed
Normal
Resources
Standard
Victory
Conquest
Starting age
Dark Age
Ending age
Imperial Age
RankedLock teamsTeams togetherTeam positionsShared explorationLock speedFull tech treeHidden civsTurbo modeCheats
Victory
Defeat
🇨🇿 Bohemians · Czechia
1444
+10
🇨🇳 Lithuanians · China
1294
+16
🇨🇭 Britons · Switzerland
1248
+18
🇦🇺 Saxons · Australia
1458
-22
🇦🇺 Danes · Australia
1218
-11
🇦🇺 Vietnamese · Australia
1216
-11
SkibidiBanditSlayer
1:28 Loom
11:46 Feudal Age
16:18 Castle Age
16:35 Double-Bit Axe
16:31 Horse Collar
17:04 Scale Mail Armor
18:10 Town Watch
21:37 Squires
21:22 Arson
23:45 Wheelbarrow
24:37 Stone Mining
27:08 Redemption
33:04 Imperial Age
30:57 Arson
31:48 Gold Mining
32:25 Gambesons
33:25 Chain Mail Armor
33:21 Forging
34:49 Pikeman
40:30 Halberdier
41:46 Halberdier
Kwisatz Haderach
0:57 Loom
12:03 Feudal Age
16:17 Castle Age
14:14 Horse Collar
25:18 Fletching
26:33 Double-Bit Axe
30:11 Imperial Age
28:38 Scale Mail Armor
29:07 Forging
28:59 Heavy Plow
29:16 Bow Saw
30:03 Chain Mail Armor
30:47 Gambesons
33:58 Shield Wall
35:25 Elite Varangian Guard
38:59 Plate Mail Armor
40:15 Wheelbarrow
42:01 Iron Casting
42:26 Hand Cart
41:56 Town Watch
42:24 Squires
42:12 Arson
43:17 Conscription
LavishlyMoist
3:51 Loom
11:54 Feudal Age
12:21 Double-Bit Axe
12:19 Horse Collar
14:09 Fishing Lines
18:22 Castle Age
16:32 Gold Mining
17:51 Wheelbarrow
17:09 Fletching
17:25 Padded Archer Armor
19:44 Heavy Plow
19:56 Bow Saw
24:52 Stone Mining
31:20 Imperial Age
29:08 Hand Cart
28:39 Town Watch
28:59 Gillnets
29:20 Bodkin Arrow
30:08 Ballistics
30:00 Masonry
33:05 Chemistry
32:31 Caravan
32:42 Thumb Ring
31:58 Crossbowman
32:42 Bracer
33:16 Crop Rotation
33:48 Two-Man Saw
33:28 Squires
34:35 Paper Money
35:00 Leather Archer Armor
34:56 Forging
34:47 Scale Mail Armor
35:29 Arbalester
37:06 Pikeman
37:55 Halberdier
40:54 Ring Archer Armor
40:26 Scale Mail Armor
41:02 Iron Casting
45:38 Siege Engineers
47:50 Chain Mail Armor
鲨丁鱼
11:35 Feudal Age
12:47 Double-Bit Axe
15:35 Castle Age
13:21 Horse Collar
20:53 Wheelbarrow
22:40 Heavy Plow
22:54 Bow Saw
25:05 Stone Mining
25:06 Gold Mining
28:30 Imperial Age
27:09 Treadmill Crane
28:18 Stone Shaft Mining
28:51 Hand Cart
28:23 Loom
29:02 Scale Barding Armor
28:38 Elite Leitis
29:39 Guilds
30:38 Chain Barding Armor
31:31 Crop Rotation
32:01 Forging
32:54 Conscription
33:12 Plate Barding Armor
33:42 Two-Man Saw
33:00 Bloodlines
34:54 Iron Casting
34:21 Devotion
36:47 Fletching
36:58 Caravan
38:29 Bodkin Arrow
38:32 Town Watch
42:57 Coinage
43:53 Banking
45:31 Bracer
PetersCZ
0:49 Loom
12:53 Feudal Age
13:47 Town Watch
16:55 Castle Age
15:47 Double-Bit Axe
17:49 Bow Saw
18:49 Fletching
20:27 Fishing Lines
27:04 Horse Collar
31:44 Imperial Age
29:24 Bodkin Arrow
31:13 Chemistry
30:33 Ballistics
31:14 Masonry
31:25 Ballistics
31:28 Town Patrol
32:05 Wheelbarrow
37:09 Architecture
36:43 Houfnice
37:42 Caravan
37:47 Gillnets
38:17 Hand Cart
37:56 Capped Ram
38:46 Siege Engineers
40:18 Conscription
40:32 Bracer
40:33 Padded Archer Armor
CausedGosling53
1:28 Loom
10:53 Feudal Age
15:33 Castle Age
13:56 Double-Bit Axe
13:53 Horse Collar
16:47 Bow Saw
23:45 Fletching
25:34 Heavy Plow
26:14 Wheelbarrow
26:17 Gold Mining
28:37 Hand Cart
28:34 Bodkin Arrow
29:32 Fortified Wall
34:08 Imperial Age
33:58 Ballistics
33:39 Padded Archer Armor
34:55 Bracer
35:56 Chemistry
35:58 Leather Archer Armor
35:05 Elite Longbowman
36:59 Hoardings
36:45 Conscription
38:11 Warwolf
41:10 Yeomen
41:23 Ring Archer Armor
Connection lost

Rejoining the realm…

Still unreachable

The connection could not be restored.

Session expired

The server has moved on; the page needs a fresh start.